 Dungeon Crawl Stone Soup version 0.29-a0-330-g52719c12eb (webtiles) character file.

Game seed: 15474011529248303959

415 siradein the Covered (level 6, -2/56 HPs)
             Began as a Minotaur Fighter on Apr 12, 2022.
             Slain by Edmund
             ... wielding a +2 flail of venom
              (4 damage)
             ... on level 5 of the Dungeon.
             The game lasted 00:12:20 (3899 turns).

siradein the Covered (Minotaur Fighter)             Turns: 3899, Time: 00:12:22

Health: -2/56      AC:  9    Str: 20    XL:     6   Next: 60%
Magic:  5/5        EV: 14    Int:  5    God:
Gold:   307        SH:  5    Dex: 12    Spells: 5/5 levels left

rFire   + + .      SeeInvis .   a - +0 flail
rCold   . . .      Faith    .   c - +0 buckler
rNeg    . . .      Spirit   .   e - +0 fire dragon scales
rPois   .          Reflect  .   (helmet restricted)
rElec   .          Harm     .   (no cloak)
rCorr   .          Rampage  .   (no gloves)
Will    .....                   (no boots)
Stlth   ..........              (no amulet)
HPRegen 0.18/turn               h - ring of protection from cold
MPRegen 0.09/turn               i - +4 ring of evasion

@: lethally poisoned (-2 -> -35)
A: horns 2, retaliatory headbutt
a: no special abilities


You were on level 5 of the Dungeon.
You visited 1 branch of the dungeon, and saw 5 of its levels.

You collected 307 gold pieces.

Inventory:

Hand Weapons
 a - a +0 flail (weapon)
Armour
 c - a +0 buckler (worn)
 e - +0 fire dragon scales (worn)
Jewellery
 h - a ring of protection from cold (left hand)
 i - a +4 ring of evasion (right hand)
 r - a +6 ring of intelligence
 A - a ring of flight
 B - a ring of protection from cold
Scrolls
 f - a scroll of identify
 g - 2 scrolls of magic mapping {unknown}
 j - 2 scrolls of fear {unknown}
 l - a scroll of summoning {unknown}
 m - a scroll of amnesia {unknown}
 n - 2 scrolls of vulnerability {unknown}
 s - a scroll of teleportation {unknown}
 t - a scroll of noise {unknown}
 v - a scroll of fog {unknown}
 x - a scroll of enchant weapon {unknown}
 y - a scroll of silence {unknown}
Potions
 b - 3 potions of flight
 d - 3 potions of might
 o - 2 potions of mutation
 p - a potion of heal wounds
 q - 2 potions of berserk rage
 u - 2 potions of attraction {unknown}
 w - 2 potions of haste {unknown}
 z - a potion of ambrosia {unknown}


   Skills:
 + Level 5.0 Fighting
 + Level 4.3 Maces & Flails
 + Level 5.2 Armour
 + Level 3.1 Dodging
 + Level 5.1 Shields


You had 5 spell levels left.
You didn't know any spells.
Your spell library contained the following spells:

 Spells                   Type           Power      Damage    Failure   Level
 Scorch                   Fire           0%         2d5       98%         2
 Flame Wave               Conj/Fire      0%         2d4       100%        4
 Fulminant Prism          Conj/Hex       0%         3d6       100%        4
 Iskenderun's Mystic Bla  Conj/Tloc      0%         2d3       100%        4
 Lee's Rapid Deconstruct  Erth           0%         3d5*      100%        5
 Summon Cactus Giant      Summ           0%         N/A       100%        6


Dungeon Overview and Level Annotations

Branches:
Dungeon (5/15)
 Temple: D:4-7

Altars:

Annotations:
D:5 Edmund


Innate Abilities, Weirdness & Mutations

You have a pair of horns on your head.
You reflexively headbutt those who attack you in melee.


Message History

You feel very sick.
Edmund hits you with a +2 flail of venom.
You hit Edmund.
Edmund is moderately wounded.
You feel very sick. You block Edmund's attack.
You hit Edmund.
Edmund is heavily wounded.
You feel sick. Edmund barely misses you.
Edmund hits you with a +2 flail of venom.
You closely miss Edmund.
Edmund is heavily wounded.
You feel sick.
Edmund hits you with a +2 flail of venom.
You are more poisoned.
You barely miss Edmund.
Edmund is heavily wounded.
You feel very sick. Edmund hits you but does no damage.
You are lethally poisoned!
You hit Edmund but do no damage.
Edmund is heavily wounded.
* * * LOW HITPOINT WARNING * * *
You feel very sick.
Edmund hits you with a +2 flail of venom!
* * * LOW HITPOINT WARNING * * *
You are more poisoned.
You feel much better.
You feel extremely sick.
Edmund hits you with a +2 flail of venom!
* * * LOW HITPOINT WARNING * * *
You are more poisoned.
You closely miss Edmund.
Edmund is heavily wounded.
* * * LOW HITPOINT WARNING * * *
You feel extremely sick.
Edmund says, "People think my brother is the best.
I think he's crazy."
You block Edmund's attack.
Edmund hits you with a +2 flail of venom.
You die...

.#####..#
........#
#######.#
#.# #.#
#.# #.#
#.# #@#
#@# #.#
#....[...
######...


You could see Edmund.

Vanquished Creatures
  A scorpion (D:4)
  2 hounds (D:4)
  2 jellies (D:4)
  An orc priest (D:4)
  2 iguanas
  6 adders
  A shadow imp (D:5)
  An ufetubus (D:5)
  3 worms
  3 dart slugs
  7 orcs
  3 ball pythons
  8 endoplasms
  6 giant cockroaches
  5 goblins
  3 hobgoblins
  3 quokkas (D:1)
  2 bats
  7 frilled lizards
  7 kobolds
  8 rats
81 creatures vanquished.

Vanquished Creatures (others)
  4 toadstools (D:1)
4 creatures vanquished.

Grand Total: 85 creatures vanquished

Notes
Turn   | Place    | Note
-------+----------+-------------------------------------------
     0 | D:1      | siradein the Minotaur Fighter began the quest for the Orb.
     0 | D:1      | Reached XP level 1. HP: 19/19 MP: 0/0
   134 | D:1      | Reached XP level 2. HP: 24/27 MP: 1/1
   608 | D:1      | Found a faded altar of an unknown god.
   615 | D:1      | Reached skill level 1 in Dodging
   919 | D:2      | You fall into a shaft and drop 1 floor!
   949 | D:3      | Reached XP level 3. HP: 33/33 MP: 2/2
  1959 | D:3      | Reached XP level 4. HP: 40/40 MP: 3/3
  2754 | D:4      | Noticed a scorpion
  2767 | D:4      | Killed a scorpion
  2768 | D:4      | Reached XP level 5. HP: 38/47 MP: 4/4
  3211 | D:4      | Reached XP level 6. HP: 55/55 MP: 5/5
  3236 | D:4      | Reached skill level 5 in Armour
  3575 | D:4      | Reached skill level 5 in Fighting
  3575 | D:4      | Reached skill level 5 in Shields
  3825 | D:5      | Entered Level 5 of the Dungeon
  3883 | D:5      | Noticed Edmund
  3899 | D:5      | HP: 2/56 [poisoned by Edmund]
  3899 | D:5      | Slain by Edmund

Illustrated notes

Levels and vault maps discovered:
D:1:      ldierk_water_garden, layout_basic, chequers_ecumenical_altar_simple
D:2:      wander_river, layout_loops_ring, amcnicky_mini_pool_small,
          dk_noncrumbling_4
D:3:      layout_basic, minmay_ruptured
D:4:      layout_basic
D:5:      layout_loops_ring, gup_sewer_entry_pipe, uniq_ijyb, uniq_menkaure,
          uniq_edmund

Skill      XL: |  1  2  3  4  5  6 |
---------------+-------------------+-----
Dodging        | 1 2 3 |  3.1
Armour         | 4 5 |  5.2
Fighting       | 4 5 |  5.0
Shields        | 4 5 |  5.1
Maces & Flails | 3 4 |  4.3

Action                   |  1- 3 |  4- 6 || total
-------------------------+-------+-------++-------
Melee: Flail             |    96 |   123 ||   219
       Headbutt          |     9 |    19 ||    28
  Use: Scroll            |       |     4 ||     4
       Potion            |       |     1 ||     1
Armor: Scale mail        |    10 |       ||    10
       Fire dragon scale |    22 |    32 ||    54
Dodge: Dodged            |    45 |    66 ||   111
Block: Buckler           |    16 |    33 ||    49

Table legend: (Time is in decaauts)
 A = Elapsed time spent in this place.
 B = Non-inter-level travel time spent in this place.
 C = Inter-level travel time spent in this place.
 D = Time resting spent in this place.
 E = Time spent auto-exploring this place.
 F = Levels seen in this place.
 G = Mean time per level.
                   A        B        C        D        E       F      G
               +--------+--------+--------+--------+--------+-----+--------+
         Total |   3971 |   3758 |    213 |      4 |   3083 |   5 |  794.2 |
       Dungeon |   3971 |   3758 |    213 |      4 |   3083 |   5 |  794.2 |
               +--------+--------+--------+--------+--------+-----+--------+

Top non-repeatable levels by time:
     D:4: 1134 daAuts
     D:3: 956 daAuts
     D:1: 935 daAuts
     D:2: 866 daAuts
     D:5: 78 daAuts
